 Dungeon Crawl Stone Soup version 0.29-a0-664-gff9cad4a3d (webtiles) character file.

Game seed: 13146842520945087272

2044 zeratav the Archer (level 9, 0/40 HPs)
             Began as a Spriggan Arcane Marksman on June 22, 2022.
             Was an Initiate of Dithmenos.
             Slain by a human
             ... wielding a +0 war axe
              (5 damage)
             ... in a bailey.
             The game lasted 00:28:35 (9131 turns).

zeratav the Archer (Spriggan Arcane Marksman)       Turns: 9131, Time: 00:28:35

Health: 0/40       AC:  3    Str:  6    XL:     9   Next: 4%
Magic:  12/12      EV: 17    Int: 15    God:    Dithmenos [......]
Gold:   309        SH:  0    Dex: 19    Spells: 9/10 levels left

rFire   . . .      SeeInvis +   a - +0 shortbow {bow}
rCold   . . .      Faith    .   (shield currently unavailable)
rNeg    . . .      Spirit   .   b - +1 robe
rPois   .          Reflect  .   (helmet restricted)
rElec   .          Harm     .   (no cloak)
rCorr   .          Rampage  .   (gloves unavailable)
Will    +....                   (boots unavailable)
Stlth   +++.......              (no amulet)
HPRegen 0.13/turn               (no ring)
MPRegen 0.13/turn               (no ring)

@: very quick
A: very small, no large weapons, unfitting armour, see invisible, speed 3
a: Renounce Religion


You were in a bailey.
You worshipped Dithmenos.
Dithmenos was noncommittal.
You visited 2 branches of the dungeon, and saw 8 of its levels.
You also visited: Bailey.

You collected 309 gold pieces.


Innate Abilities, Weirdness & Mutations

You are very small and have problems with some larger weapons.
You are too small for most types of armour.
You have supernaturally acute eyesight. (SInv)
You cover ground extremely quickly. (Speed+++)


   Skills:
 - Level 0.7 Fighting
 + Level 13.6 Bows
 - Level 2.6 Dodging
 - Level 5.0 Stealth
 - Level 1.3 Spellcasting
 - Level 3.6 Hexes


You had 9 spell levels left.
You knew the following spells:

 Your Spells              Type           Power      Damage    Failure   Level
a - Slow                  Hex            44%        N/A       5%          1

Your spell library contained the following spells:

 Spells                   Type           Power      Damage    Failure   Level
 Inner Flame              Hex/Fire       6%         N/A       34%         3
 Portal Projectile        Hex/Tloc       12%        N/A       34%         3
 Cause Fear               Hex            5%         N/A       47%         4

Inventory:

Hand Weapons
 a - a +0 shortbow (weapon) {bow}
 o - a +2 dagger of venom {short}
   (You took it off a goblin on level 2 of the Dungeon)
 r - a +4 dagger {short}
   (You took it off a wight on level 6 of the Dungeon)
Armour
 b - a +1 robe (worn)
Jewellery
 p - an amulet of faith {!P}
   (You found it on level 2 of the Dungeon)
Wands
 v - a wand of quicksilver (23)
   (You found it on level 4 of the Dungeon)
 y - a wand of iceblast (11)
   (You found it on level 6 of the Dungeon)
 A - a wand of flame (9)
   (You found it on level 7 of the Dungeon)
Scrolls
 c - a scroll of vulnerability {!r!r}
 f - a scroll of silence {!r}
 h - a scroll of teleportation {@r4}
 n - 2 scrolls of amnesia
 q - a scroll of fog
 s - a scroll of magic mapping {unknown}
 u - 2 scrolls of identify {unknown}
 x - a scroll of enchant weapon {unknown}
 z - a scroll of blinking {unknown}
Potions
 d - 2 potions of invisibility {unknown}
 e - 5 potions of haste {unknown}
 g - 6 potions of curing {unknown}
 i - a potion of flight {unknown}
 j - 4 potions of mutation {unknown}
 k - 2 potions of might {unknown}
 l - a potion of heal wounds {unknown}
 m - 4 potions of lignification {unknown}
 t - a potion of ambrosia {unknown}
 w - a potion of cancellation {unknown}

Dungeon Overview and Level Annotations

Branches:
Dungeon (7/15) Zot: 26632  Temple (1/1) D:6 Zot: 5785  Bailey (1/1) Zot: 5866

Altars:
Ashenzari
Cheibriados
Dithmenos
Elyvilon
Fedhas
Gozag
Hepliaklqana
Kikubaaqudgha
Makhleb
Okawaru
Qazlal
Ru
Sif Muna
Trog
Uskayaw
Wu Jian
Xom
Yredelemnul
Zin

Annotations:
D:1 Jessica
D:3 Grinder, Natasha, Sigmund
D:5 2 transporters, a11behringer's ghost, amateur FoFi

####...##
##≈≈#p#'#
#≈≈≈≈p#...
#≈≈p≈g#...#
#≈≈≈g≈#...#
##≈Fp##...#
###'####..#
#..Fp..+..#
#..o@..#
#...g.##
##....#
##..## ##.#
###


You could see 2 humans, 2 bullfrogs, an orc and a goblin.


Message History

The orc priest hits you from afar with a +0 trident!
Things that are here:
a +0 battleaxe {axe}; a +0 robe; HP[-6]
You take 6 damage, and now have 33/40 hp.
The howler monkey hoots and howls with incredible vigour!
You hear a shout!
The orc priest hits you with a +0 trident.
HP[-6]
You take 6 damage, and now have 27/40 hp.
There is a flagged portal here.
The orc wizard hits you with a +0 mace. The orc priest misses you.
The howler monkey hoots and howls with incredible vigour!
The world spins around you as you enter the gateway.
You enter a bailey!
Found a gate leading back out of this place.
There is an empty arch of ancient stone here.
HP[-1]
You take 1 damage, and now have 26/40 hp.
You start resting.
HP[+14]
Your hp is fully restored (40).
You open the door.
A human comes into view. It is wielding a +0 war axe.
You shoot an arrow.
The arrow hits the human but does no damage.
The human shouts!
You hear a shout! x3
You shoot an arrow. The arrow barely misses the human.
You shoot an arrow. The arrow closely misses the human.
You shoot an arrow. The arrow closely misses the human.
The human closely misses you.
You shoot an arrow.
The arrow hits the human but does no damage.
You hear a shout!
The human barely misses you.
You shoot an arrow. The arrow barely misses the human.
The human barely misses you.
You shoot an arrow. The arrow hits the human!
The human closely misses you.
You shoot an arrow. The arrow hits the human.
You hear a shout!
A human comes into view. It is wielding a +2 vorpal hand axe.
You hear a shout!
You shoot an arrow. The arrow hits the human.
You hear a loud, deep croak!
You hear a shout!
You shoot an arrow. The arrow hits the human.
You hear a shout!
The human barely misses you.
You shoot an arrow. The arrow misses the human.
The human closely misses you. The human hits you with a +0 war axe!
A gnoll comes into view. It is wielding a +0 hand axe.
HP[-9]
You take 9 damage, and now have 31/40 hp.
MASSIVE DAMAGE!! (PAUSE)
You shoot an arrow. The arrow hits the human.
The human hits you with a +2 vorpal hand axe.
The human hits you with a +0 war axe!
* * * LOW HITPOINT WARNING * * *
A human comes into view. It is wielding a +0 war axe.
HP[-12]
You take 12 damage, and now have 19/40 hp.
MASSIVE DAMAGE!! (PAUSE)
You are too injured to fight recklessly!
The human completely misses you.
You open the door. 2 bullfrogs come into view.
The bullfrog gives a loud, deep croak!
HP[+1]
A hobgoblin comes into view. It is wielding a +0 hand axe.
A human comes into view. It is wielding a +0 vorpal hand axe.
The human hits you with a +0 war axe!
* * * LOW HITPOINT WARNING * * *
The gnoll closely misses you.
HP[-10]
You take 10 damage, and now have 10/40 hp.
MASSIVE DAMAGE!! (PAUSE)
The bullfrog misses you. The bullfrog misses you.
The gnoll completely misses you. The hobgoblin closely misses you.
There is an open door here.
You enter the shallow water.
Moving in this stuff is going to be slow.
The bullfrog misses you. The human attacks as you move away!
The human barely misses you. The bullfrog completely misses you.
The bullfrog swells and bulges.
The bullfrog hits you but does no damage.
The bullfrog closely misses you.
HP[+1]
The bullfrog barely misses you. The bullfrog misses you.
You open the door.
An orc and a goblin come into view.
The bullfrog misses you.
A human comes into view. It is wielding a +0 war axe.
The human shouts!
The goblin shouts!
The bullfrog misses you.
The bullfrog hits you but does no damage.
There is an open door here.
The orc hits you with a +0 hand axe.
* * * LOW HITPOINT WARNING * * *
The human hits you with a +0 war axe.
You die...

Skill      XL: |  1  2  3  4  5  6  7  8 |
---------------+-------------------------+-----
Bows           | 3 4 5 6 7 9 10 13 | 13.6
Stealth        | 5 |  5.0
Fighting       | |  0.7
Dodging        | |  2.6
Spellcasting   | |  1.3
Hexes          | |  3.6

Action                   |  1- 3 |  4- 6 |  7- 9 || total
-------------------------+-------+-------+-------++-------
Melee: Dagger            |       |     3 |     4 ||     7
 Fire: Shortbow          |   108 |   216 |   297 ||   621
 Cast: Slow              |     6 |    13 |    19 ||    38
  Use: Scroll            |     2 |     4 |     1 ||     7
 Stab: Sleeping          |       |       |     1 ||     1
Armor: Robe              |     2 |     5 |     3 ||    10
Dodge: Dodged            |    25 |    38 |    43 ||   106

Levels and vault maps discovered:
D:1:      psy_arrival_radial02, layout_basic, kennysheep_flooded_box,
          minmay_misc_feat_four_crosses
D:2:      layout_rooms, uniq_jessica
D:3:      layout_loops_corners, basic_ecumenical_altar,
          dreamdust_princess_corridor, uniq_sigmund, uniq_natasha, uniq_grinder
D:4:      layout_basic
D:5:      layout_loops_ring, gammafunk_ghost_mausoleum
D:6:      layout_loops_cross, nicolae_overflow_crystal_walls,
          minmay_temple_entry_enclosed_plants
D:7:      layout_basic, enter_bailey_2
Temple:   hc_temple_tempest_star
Bailey:   bailey_axe_froggy_fort_hellmonk, bailey

Notes
Turn   | Place    | Note
-------+----------+-------------------------------------------
     0 | D:1      | zeratav the Spriggan Arcane Marksman began the quest for
                  | the Orb.
     0 | D:1      | Reached XP level 1. HP: 9/9 MP: 3/3
     0 | D:1      | magus.rc [v1.9.6]
    42 | D:1      | Reached skill level 3 in Bows
   111 | D:1      | Reached XP level 2. HP: 14/14 MP: 5/5
   127 | D:1      | Upgraded the game from 0.29-a0-653-gd47aff6735 to
                  | 0.29-a0-664-gff9cad4a3d
   127 | D:1      | magus.rc [v1.9.6]
   488 | D:1      | Reached skill level 4 in Bows
   858 | D:2      | Noticed Jessica
   888 | D:1      | Reached XP level 3. HP: 16/17 MP: 4/6
   907 | D:1      | HP: 4/17 [Jessica/+0 dagger (7)]
  1657 | D:2      | Reached skill level 5 in Bows
  2046 | D:3      | Noticed Sigmund
  2168 | D:2      | Reached XP level 4. HP: 15/21 MP: 7/7
  2818 | D:3      | Found a faded altar of an unknown god.
  2836 | D:3      | Noticed Natasha
  2842 | D:3      | Killed Natasha
  2843 | D:3      | Reached skill level 6 in Bows
  2875 | D:3      | Noticed Natasha
  2881 | D:3      | Noticed Grinder
  2900 | D:3      | Killed Natasha
  2901 | D:3      | Reached XP level 5. HP: 19/25 MP: 8/8
  3008 | D:3      | Reached skill level 7 in Bows
  3516 | D:3      | Noticed Natasha
  3729 | D:3      | HP: 4/25 [Natasha/magic dart (6)]
  4263 | D:3      | HP: 6/25 [Grinder/nerve-wracking pain (11)]
  4722 | D:4      | Reached XP level 6. HP: 29/29 MP: 9/9
  4988 | D:4      | Reached skill level 8 in Bows
  5752 | D:5      | Entered Level 5 of the Dungeon
  5764 | D:5      | Found a transporter.
  5919 | D:5      | Found a transporter.
  5923 | D:5      | Noticed a11behringer's ghost (amateur FoFi)
  6012 | D:5      | Reached skill level 9 in Bows
  6060 | D:5      | Reached XP level 7. HP: 23/32 MP: 8/10
  6556 | D:5      | Reached skill level 10 in Bows
  6556 | D:5      | Reached skill level 1 in Stealth
  6718 | D:5      | Reached skill level 3 in Stealth
  6966 | D:6      | Reached skill level 5 in Stealth
  7026 | D:6      | Found a staircase to the Ecumenical Temple.
  7032 | Temple   | Entered the Ecumenical Temple
  7360 | Temple   | Became a worshipper of Dithmenos the Shadowed
  7511 | D:6      | Reached XP level 8. HP: 37/37 MP: 11/11
  7755 | D:6      | Reached skill level 11 in Bows
  7887 | D:6      | Found an ancient bone altar of Kikubaaqudgha.
  8100 | D:6      | Reached skill level 12 in Bows
  8503 | D:7      | Reached skill level 13 in Bows
  8676 | D:7      | Found a flagged portal.
  8802 | D:7      | Reached XP level 9. HP: 34/40 MP: 12/12
  8990 | Bailey   | Entered a bailey
  9119 | Bailey   | HP: 10/40 [human/+0 war axe (10)]
  9131 | Bailey   | HP: 5/40 [orc/+0 hand axe (6)]
  9131 | Bailey   | Slain by a human

Vanquished Creatures
  An ice beast (D:6)
  An orc warrior (D:6)
  A sky beast (D:6)
  2 ogres
  A phantom (D:6)
  A kobold brigand (D:5)
  A scorpion (D:6)
  A bullfrog (D:7)
  2 necrophages
  9 wights
  A howler monkey (D:7)
  4 hounds
  A jelly (D:6)
  4 iguanas
  2 orc priests (D:6)
  Natasha (twice) (D:3)
  2 orc wizards
  14 gnolls
  6 adders
  2 shadow imps
  An ufetubus (D:5)
  4 worms
  A dart slug (D:4)
  14 orcs
  8 ball pythons
  7 endoplasms
  2 giant cockroaches (D:3)
  8 goblins
  8 hobgoblins
  9 jackals
  7 kobolds
  3 quokkas
  4 frilled lizards
  5 rats
139 creatures vanquished.

Table legend:
 A = Non-vault XP
 B = Vault XP
 C = Vault XP percentage of total XP
 D = Non-vault monster count
 E = Vault monster count
 F = Vault count percentage of total count
                 A         B        C        D         E       F
            +---------+---------+-------+---------+---------+-------
      Total |    2885 |      35 |   1.2 |     138 |       1 |   0.7
            +---------+---------+-------+---------+---------+-------
        D:1 |      52 |       0 |   0.0 |      24 |       0 |   0.0
        D:2 |      80 |       0 |   0.0 |      17 |       0 |   0.0
        D:3 |     203 |      35 |  14.7 |      25 |       1 |   3.8
        D:4 |     196 |       0 |   0.0 |      23 |       0 |   0.0
        D:5 |     541 |       0 |   0.0 |      19 |       0 |   0.0
        D:6 |    1221 |       0 |   0.0 |      22 |       0 |   0.0
        D:7 |     592 |       0 |   0.0 |       8 |       0 |   0.0
            +---------+---------+-------+---------+---------+-------

Illustrated notes

Table legend:
 A = Kills in this place as a percentage of kills in entire the game.
 B = Kills by you in this place as a percentage of kills by you in the entire game.
 C = Kills by friends in this place as a percentage of kills by friends in the entire game.
 D = Other kills in this place as a percentage of other kills in the entire game.
 E = Experience gained in this place as a percentage of experience gained in the entire game.
 F = Experience gained in this place divided by the number of levels of this place that you have seen.
                   A       B       C       D       E      F
               +-------+-------+-------+-------+-------+----------------------
         Total | 100.0 | 100.0 |   N/A |   N/A | 100.0 | 324.4
       Dungeon | 100.0 | 100.0 |   N/A |   N/A | 100.0 | 417.1
               +-------+-------+-------+-------+-------+----------------------

Table legend: (Time is in decaauts)
 A = Elapsed time spent in this place.
 B = Non-inter-level travel time spent in this place.
 C = Inter-level travel time spent in this place.
 D = Time resting spent in this place.
 E = Time spent auto-exploring this place.
 F = Levels seen in this place.
 G = Mean time per level.
                   A        B        C        D        E       F      G
               +--------+--------+--------+--------+--------+-----+--------+
         Total |   6766 |   6185 |    581 |   1664 |   2504 |   9 |  751.8 |
       Dungeon |   6418 |   5886 |    532 |   1559 |   2348 |   7 |  916.9 |
        Temple |    214 |    165 |     49 |      0 |    154 |   1 |  214.0 |
        Bailey |    133 |    133 |      0 |    105 |      1 |   1 |  133.0 |
               +--------+--------+--------+--------+--------+-----+--------+

Top non-repeatable levels by time:
     D:2: 1353 daAuts
     D:3: 1103 daAuts
     D:1: 1095 daAuts
     D:5: 841 daAuts
     D:6: 836 daAuts
     D:4: 820 daAuts
     D:7: 367 daAuts
  Temple: 214 daAuts
  Bailey: 133 daAuts
